 Dungeon Crawl Stone Soup version 0.25-a0-635-g0c6c292 (webtiles) character file.

Game seed: 15225179338685902650, levelgen mode: deterministic

40 snetch the Skirmisher (level 3, -2/34 HPs)
             Began as a Minotaur Berserker on Mar 20, 2020.
             Was a Follower of Trog.
             Slain by Natasha (7 damage)
             ... on level 2 of the Dungeon.
             The game lasted 00:02:38 (936 turns).

snetch the Skirmisher (Minotaur Berserker)           Turns: 936, Time: 00:02:39

Health: -2/34      AC:  3    Str: 22    XL:     3   Next: 30%
Magic:  2/2        EV: 12    Int:  4    God:    Trog [*.....]
Gold:   29         SH:  0    Dex:  9    Spells: 2/2 levels left

rFire    . . .     SeeInvis .   a - +0 hand axe
rCold    . . .     Gourm    .   (no shield)
rNeg     . . .     Faith    .   h - +0 leather armour
rPois    .         Spirit   .   (helmet restricted)
rElec    .         Reflect  .   (no cloak)
rCorr    .         Harm     .   (no gloves)
MR       .....                  (no boots)
Stlth    +.........             (no amulet)
HPRegen  0.11/turn              (no ring)
MPRegen  0.08/turn              (no ring)

@: no status effects
A: retaliatory headbutt, horns 2
a: Berserk, Renounce Religion


You were on level 2 of the Dungeon.
You worshipped Trog.
Trog was aware of your devotion.
You were not hungry.

You visited 1 branch of the dungeon, and saw 3 of its levels.

You collected 29 gold pieces.

Inventory:

Hand Weapons
 a - a +0 hand axe (weapon)
Missiles
 e - 73 stones (quivered)
 i - 15 poisoned darts
 j - 8 javelins
 m - 24 arrows
Armour
 h - a +0 leather armour (worn)
Magical Staves
 d - an uncursed staff of wizardry {unknown}
Scrolls
 b - a scroll of teleportation {unknown}
 f - a scroll of amnesia {unknown}
 g - a scroll of identify {unknown}
Potions
 k - 2 potions of berserk rage {unknown}
Comestibles
 c - a ration
 l - 7 chunks of flesh


   Skills:
 + Level 4.4 Fighting
 + Level 4.3 Axes
 + Level 2.6 Armour
 + Level 2.5 Dodging


You had 2 spell levels left.
You didn't know any spells.
Your spell library was empty.

Dungeon Overview and Level Annotations

Branches:
Dungeon (3/15)

Altars:

Annotations:
D:2 Natasha


Innate Abilities, Weirdness & Mutations

You reflexively headbutt those who attack you in melee.
You have a pair of horns on your head.


Message History

You are no longer poisoned.
Found 24 arrows.
e - 73 stones (gained 20)
Found a robe.
Natasha, Servant of Life and Death comes into view.
Natasha hisses angrily.
Found a fizzy red potion and 2 metallic pink potions.
You see here 24 arrows.
m - 24 arrows Natasha mumbles some strange words.
You start resting.
Natasha is too close now for your liking.
You barely miss Natasha. You headbutt Natasha.
Natasha is lightly wounded.
Natasha claws you!
* * * LOW HITPOINT WARNING * * *
You hit Natasha. Your headbutt misses Natasha.
Natasha is moderately wounded.
Natasha claws you!
You die...

#. ....... #. .......
#.# ...!... ..
.h..... ######.
...5...
.......#.......
.......5..!....
.......h## ........@#
.......#.##.
.[.....#.##.#
.......#.##.#
.####+##..#.# #.
##.#.# ####.###.#.#
.........#.#########
................รท..#


You could see Natasha and a white imp.

Vanquished Creatures
  An adder (D:2)
  A dart slug (D:2)
  An orc (D:3)
  2 bats
  A giant cockroach (D:1)
  2 hobgoblins (D:1)
  3 jackals (D:2)
  2 frilled lizards
  5 goblins
  6 kobolds
  2 rats (D:1)
26 creatures vanquished.

Notes
Turn   | Place    | Note
-------+----------+-------------------------------------------
     0 | D:1      | snetch the Minotaur Berserker began the quest for the Orb.
     0 | D:1      | Reached XP level 1. HP: 19/19 MP: 0/0
   279 | D:1      | Reached XP level 2. HP: 27/27 MP: 1/1
   887 | D:3      | Reached XP level 3. HP: 22/33 MP: 2/2
   930 | D:2      | Noticed Natasha
   936 | D:2      | Slain by Natasha

Levels and vault maps discovered:
D:1:      dpeg_arrival_orchard, layout_basic, nrook_mini_backslash,
          minmay_misc_feat_hallway, minmay_strange_pillars,
          minmay_misc_feat_rugged
D:2:      layout_basic, due_unseen_surprise, uniq_terence, uniq_natasha
D:3:      cheibrodos_greedy_goblins, layout_basic

Skill      XL: |  1  2 |
---------------+-------+-----
Axes           | 4 |  4.3
Fighting       | 4 |  4.4
Armour         | |  2.6
Dodging        | |  2.5

Action                   || total
-------------------------++-------
Melee: Hand axe          ||    53
       Headbutt          ||     8
Armor: Animal skin       ||     7
       Leather armour    ||     8
Dodge: Dodged            ||    43

Table legend:
 A = Non-vault XP
 B = Vault XP
 C = Vault XP percentage of total XP
 D = Non-vault monster count
 E = Vault monster count
 F = Vault count percentage of total count
                 A         B        C        D         E       F
            +---------+---------+-------+---------+---------+-------
      Total |      58 |       0 |   0.0 |      26 |       0 |   0.0
            +---------+---------+-------+---------+---------+-------
        D:1 |      27 |       0 |   0.0 |      16 |       0 |   0.0
        D:2 |      26 |       0 |   0.0 |       8 |       0 |   0.0
        D:3 |       5 |       0 |   0.0 |       2 |       0 |   0.0
            +---------+---------+-------+---------+---------+-------
